Toronto Marlies vs Lake Erie Monsters

Created - 4 décembre 2017 at 06:17

Goals
1 2 3 T
Toronto Marlies 0 2 1 3
Lake Erie Monsters 0 2 3 5
Shots
1 2 3 T
Toronto Marlies 6 10 14 30
Lake Erie Monsters 10 13 18 41

1st period

No Goal

Penalties :
Kurtis MacDermid (MST) for Fighting (Major) at 7:17, Michael Mersch (MAR) for Fighting (Major) at 7:17

2nd period

1. Toronto Marlies , Jan Kostalek 2 (Kyle Schempp 3, Mitchell Heard 11) at 5:54
2. Lake Erie Monsters , Brandon Bollig 7 (Derek Hulak 6, Joe Hicketts 11) at 6:59
3. Toronto Marlies , Emile Poirier 10 (Ryan Horvat 7, Martin Ouellette) at 10:28
4. Lake Erie Monsters , Matt Puempel 16 (Marko Dano 2, Chase Balisy 25) at 15:50

Penalties :
Hunter Shinkaruk (MST) for Fighting (Major) at 12:29, Mitchell Heard (MAR) for Fighting (Major) at 12:29

3rd period

5. Lake Erie Monsters , Matt Puempel 17 (Marko Dano 3, Chase Balisy 26) at 4:42
6. Lake Erie Monsters , Matt Puempel 18 (Joe Hicketts 12, Marko Dano 4) at 5:16
7. Lake Erie Monsters , Hunter Shinkaruk 13 (Ondrej Kase 24, Nick Cousins 25) at 11:59
8. Toronto Marlies , Evgeny Svechnikov 13 (Keegan Lowe 12, Kyle Schempp 4) at 14:35

Penalties :
Ryan Stanton (MAR) for Hooking (Minor) at 1:17, Keegan Lowe (MAR) for Hooking (Minor) at 16:23

Goalie Stats

Martin Ouellette (MAR), 36 saves from 41 shots - (0,878), L, 11-9-1, 60:00 minutes
Jamie Phillips (MST), 27 saves from 30 shots - (0,900), W, 11-5-2, 60:00 minutes

Players Stats for Toronto Marlies

Player Name              G  A  P  +/- PIM S  H  SB GA TA FO     MP     PP MP  PK MP  
------------------------------------------------------------------------------------
Andrew MacWilliam        0  0  0  -1  0   1  0  3  0  1  0/0    19:10   0:00   1:49 
Brent Regner             0  0  0  -1  0   2  0  1  0  1  0/0    24:00   0:00   2:09 
Dennis Robertson         0  0  0  -1  0   0  1  0  1  0  0/0    23:57   0:00   2:09 
Emile Poirier            1  0  1  -3  0   4  1  0  0  0  0/2    23:02   0:00   1:19 
Evgeny Svechnikov        1  0  1   0  0   6  2  2  3  0  3/5    25:52   0:00   2:00 
Jan Kostalek             1  0  1   0  0   1  0  0  0  0  0/2     3:43   0:00   0:00 
Josh Archibald           0  0  0   1  0   6  1  1  1  1  1/1    23:03   0:00   0:45 
Josiah Didier            0  0  0  -1  0   0  0  0  0  0  0/0     2:55   0:00   0:47 
Keegan Lowe              0  1  1   0  2   1  0  0  0  0  0/0    17:49   0:00   0:53 
Kyle Schempp             0  2  2   0  0   0  0  0  0  0  2/2    14:42   0:00   0:12 
Michael McCarron         0  0  0   1  0   3  1  2  0  0  16/30  23:43   0:00   1:55 
Michael Mersch           0  0  0  -1  5   3  5  2  1  2  0/0    19:58   0:00   0:45 
Mitchell Heard           0  1  1  -1  5   1  2  0  0  1  9/18   17:56   0:00   0:00 
Rinat Valiev             0  0  0   0  0   0  0  1  0  1  0/0     7:03   0:00   0:00 
Ryan Horvat              0  1  1  -1  0   2  0  1  0  0  2/2    17:02   0:00   1:00 
Ryan Stanton             0  0  0  -1  2   0  0  0  0  0  0/0    14:25   0:00   0:09 
Travis Dermott           0  0  0  -1  0   0  0  1  0  0  0/0    10:35   0:00   0:00 
Zach Leslie              0  0  0   0  0   0  0  2  0  0  0/0     7:03   0:00   0:00 

Players Stats for Lake Erie Monsters

Player Name              G  A  P  +/- PIM S  H  SB GA TA FO     MP     PP MP  PK MP  
------------------------------------------------------------------------------------
Brandon Bollig           1  0  1   1  0   7  1  1  0  1  0/0     9:19   0:03   0:00 
Brendan Woods            0  0  0  -1  0   4  4  0  1  0  1/7    12:13   0:00   0:00 
Chase Balisy             0  2  2   3  0   0  2  0  0  0  6/11   17:02   1:53   0:00 
Derek Hulak              0  1  1  -1  0   1  2  0  0  0  0/0    15:01   1:53   0:00 
Dysin Mayo               0  0  0   1  0   2  1  1  0  1  0/0    17:40   0:00   0:00 
Hunter Shinkaruk         1  0  1  -1  5   3  2  1  0  0  1/2    19:25   2:04   0:00 
JC Lipon                 0  0  0  -1  0   2  2  0  1  0  0/0    12:13   0:00   0:00 
Joe Hicketts             0  2  2   0  0   1  1  1  0  0  0/0    20:12   2:33   0:00 
Kurtis MacDermid         0  0  0   2  5   2  0  1  0  0  0/0    19:52   0:00   0:00 
Marko Dano               0  3  3   3  0   4  1  0  1  0  0/0    15:40   0:01   0:00 
Matt MacKenzie           0  0  0   0  0   2  3  1  0  1  0/0    18:22   1:25   0:00 
Matt Puempel             3  0  3   3  0   3  0  0  1  0  0/0    16:58   1:53   0:00 
Maxim Lamarche           0  0  0   0  0   0  2  1  0  0  0/0    18:50   1:25   0:00 
Nick Cousins             0  1  1  -1  0   5  1  1  1  0  17/31  21:26   2:02   0:00 
Ondrej Kase              0  1  1  -1  0   2  1  1  1  1  0/3    21:25   2:02   0:00 
Ryan Olsen               0  0  0   1  0   2  1  0  1  0  3/5     8:24   0:00   0:00 
Turner Elson             0  0  0   1  0   0  1  0  0  1  1/3    12:16   0:03   0:00 
Victor Mete              0  0  0   1  0   1  2  1  0  1  0/0    23:40   2:33   0:00 

3 Stars

1 - Matt Puempel (MST)
2 - Marko Dano (MST)
3 - Chase Balisy (MST)

Power Play

Toronto Marlies - 0 on 0 Attempt(s) - 0,00%
Lake Erie Monsters - 0 on 2 Attempt(s) - 0,00%

Penalty Kill

Toronto Marlies - 2 on 2 Attempt(s) - 100,00% - Score 0 goal in Penalty Kill
Lake Erie Monsters - 0 on 0 Attempt(s) - 0,00% - Score 0 goal in Penalty Kill

Team Stat

Toronto Marlies - Hits : 13 - Faceoff Wins : 33 - Blocked Shots : 16 - Penalty Minutes : 14
Lake Erie Monsters - Hits : 27 - Faceoff Wins : 29 - Blocked Shots : 10 - Penalty Minutes : 10

Official

Referees : Jean Hebert and Marc Joannette
Linesman : Lonnie Cameron and Steve Barton

Game Notes

Kurtis MacDermid and Michael Mersch fight to a draw at 7:17 of 1st period
Hunter Shinkaruk and Mitchell Heard fight to a draw at 12:29 of 2nd period
Matt Puempel has scored a Hat Trick!

Finance

Level 1 -- Attendance: 1642 (82,10%) -- Ticket Income 32 840 $
Level 2 -- Attendance: 829 (82,90%) -- Ticket Income 5 803 $
Total Attendance: 2471 (82,37%)
Total Ticket Income: 38 643 $
Other Income: 18 935 $
Total Income: 57 578 $

Toronto Marlies

5 vs 5 Forward 
   Center                   Left Wing                Right Wing               Time % Phy DF OF 
 1 Michael McCarron         Evgeny Svechnikov        Josh Archibald           40     1   2  2  
 2 Mitchell Heard           Michael Mersch           Emile Poirier            30     1   2  2  
 3 Kyle Schempp             Ryan Horvat              Evgeny Svechnikov        20     1   2  2  
 4 Michael McCarron         Michael Mersch           Josh Archibald           10     1   2  2  

5 vs 5 Defense 
   Defense                  Defense                                           Time % Phy DF OF 
 1 Brent Regner             Dennis Robertson                                  40     1   2  2  
 2 Andrew MacWilliam        Keegan Lowe                                       30     1   2  2  
 3 Ryan Stanton             Travis Dermott                                    20     1   2  2  
 4 Rinat Valiev             Zach Leslie                                       10     1   2  2  

PowerPlay Forward 
   Center                   Left Wing                Right Wing               Time % Phy DF OF 
 1 Michael McCarron         Evgeny Svechnikov        Josh Archibald           60     1   2  2  
 2 Mitchell Heard           Michael Mersch           Emile Poirier            40     1   2  2  

PowerPlay Defense
   Defense                  Defense                                           Time % Phy DF OF 
 1 Brent Regner             Dennis Robertson                                  60     1   2  2  
 2 Andrew MacWilliam        Keegan Lowe                                       40     1   2  2  

Penalty Kill 4 Players Forward 
   Center                   Wing                     Time % Phy DF OF 
 1 Evgeny Svechnikov        Michael McCarron         60     1   2  2  
 2 Michael Mersch           Josh Archibald           40     1   2  2  

Penalty Kill 4 Players Defense
   Defense                  Defense                  Time % Phy DF OF 
 1 Brent Regner             Dennis Robertson         60     1   2  2  
 2 Andrew MacWilliam        Keegan Lowe              40     1   2  2  

Penalty Kill - 3 Players Forward 
   Forward                                           Time % Phy DF OF 
 1 Evgeny Svechnikov                                 60     1   2  2  
 2 Michael McCarron                                  40     1   2  2  

Penalty Kill - 3 Players Defense
   Defense                  Defense                  Time % Phy DF OF 
 1 Brent Regner             Dennis Robertson         60     1   2  2  
 2 Andrew MacWilliam        Keegan Lowe              40     1   2  2  

4 vs 4 Forward 
   Center                   Wing                     Time % Phy DF OF 
 1 Evgeny Svechnikov        Michael McCarron         60     1   2  2  
 2 Michael Mersch           Josh Archibald           40     1   2  2  

4 vs 4 Defense
   Defense                  Defense                  Time % Phy DF OF 
 1 Brent Regner             Dennis Robertson         60     1   2  2  
 2 Andrew MacWilliam        Keegan Lowe              40     1   2  2  

Last Minutes Offensive
   Center                   Left Wing                Right Wing               Defense                  Defense                  
   Michael McCarron         Evgeny Svechnikov        Josh Archibald           Brent Regner             Dennis Robertson         

Last Minutes Defensive
   Center                   Left Wing                Right Wing               Defense                  Defense                  
   Michael McCarron         Evgeny Svechnikov        Josh Archibald           Brent Regner             Dennis Robertson         

Goaltenders
Starting : Martin Ouellette         
Backup : Eddie Pasquale           

Extra Forwards
Normal : Ryan Horvat, Kyle Schempp, Emile Poirier - PP : Ryan Horvat, Kyle Schempp - PK : Emile Poirier
Extra Defensemen
Normal : Jan Kostalek, Josiah Didier, Ryan Stanton - PP : Jan Kostalek - PK : Josiah Didier, Ryan Stanton
Penalty Shots
Evgeny Svechnikov, Michael McCarron, Michael Mersch, Josh Archibald, Emile Poirier

Scratches
Will O'Neill (Healthy), Chris Driedger (Healthy), Jonas Johansson (Healthy)

Lake Erie Monsters

5 vs 5 Forward 
   Center                   Left Wing                Right Wing               Time % Phy DF OF 
 1 Nick Cousins             Hunter Shinkaruk         Ondrej Kase              40     0   2  3  
 2 Chase Balisy             Matt Puempel             Marko Dano               30     0   2  3  
 3 Brendan Woods            Derek Hulak              JC Lipon                 20     1   2  2  
 4 Ryan Olsen               Brandon Bollig           Turner Elson             10     2   2  1  

5 vs 5 Defense 
   Defense                  Defense                                           Time % Phy DF OF 
 1 Kurtis MacDermid         Victor Mete                                       40     0   3  2  
 2 Maxim Lamarche           Joe Hicketts                                      33     0   3  2  
 3 Dysin Mayo               Matt MacKenzie                                    27     0   4  1  
 4 Kurtis MacDermid         Dysin Mayo                                        0      1   2  2  

PowerPlay Forward 
   Center                   Left Wing                Right Wing               Time % Phy DF OF 
 1 Nick Cousins             Hunter Shinkaruk         Ondrej Kase              60     0   0  5  
 2 Chase Balisy             Matt Puempel             Derek Hulak              40     0   0  5  

PowerPlay Defense
   Defense                  Defense                                           Time % Phy DF OF 
 1 Joe Hicketts             Victor Mete                                       65     0   1  4  
 2 Matt MacKenzie           Maxim Lamarche                                    35     0   1  4  

Penalty Kill 4 Players Forward 
   Center                   Wing                     Time % Phy DF OF 
 1 Nick Cousins             Hunter Shinkaruk         60     1   3  1  
 2 Ondrej Kase              Chase Balisy             40     1   3  1  

Penalty Kill 4 Players Defense
   Defense                  Defense                  Time % Phy DF OF 
 1 Kurtis MacDermid         Victor Mete              60     1   4  0  
 2 Dysin Mayo               Maxim Lamarche           40     1   4  0  

Penalty Kill - 3 Players Forward 
   Forward                                           Time % Phy DF OF 
 1 Nick Cousins                                      60     1   4  0  
 2 Hunter Shinkaruk                                  40     1   4  0  

Penalty Kill - 3 Players Defense
   Defense                  Defense                  Time % Phy DF OF 
 1 Victor Mete              Kurtis MacDermid         60     1   4  0  
 2 Maxim Lamarche           Dysin Mayo               40     1   4  0  

4 vs 4 Forward 
   Center                   Wing                     Time % Phy DF OF 
 1 Nick Cousins             Hunter Shinkaruk         60     1   2  2  
 2 Ondrej Kase              Chase Balisy             40     1   2  2  

4 vs 4 Defense
   Defense                  Defense                  Time % Phy DF OF 
 1 Kurtis MacDermid         Victor Mete              60     1   2  2  
 2 Maxim Lamarche           Joe Hicketts             40     0   3  2  

Last Minutes Offensive
   Center                   Left Wing                Right Wing               Defense                  Defense                  
   Nick Cousins             Hunter Shinkaruk         Ondrej Kase              Maxim Lamarche           Victor Mete              

Last Minutes Defensive
   Center                   Left Wing                Right Wing               Defense                  Defense                  
   Nick Cousins             Hunter Shinkaruk         Ondrej Kase              Victor Mete              Kurtis MacDermid         

Goaltenders
Starting : Jamie Phillips           
Backup : Jonas Gunnarsson         

Extra Forwards
Normal : Turner Elson, Brandon Bollig, Derek Hulak - PP : Turner Elson, Brandon Bollig - PK : Derek Hulak
Extra Defensemen
Normal : Joe Hicketts, Dysin Mayo, Kurtis MacDermid - PP : Matt MacKenzie - PK : Joe Hicketts, Kurtis MacDermid
Penalty Shots
Nick Cousins, Hunter Shinkaruk, Ondrej Kase, Chase Balisy, Matt Puempel

Scratches
Jeremy Morin (Healthy)

% Time on Ice - Toronto Marlies

Lines # - Real PCT - Wanted PCT - Time Play
Normal Forward
1 - 36% - 40% - 20:04
2 - 36% - 30% - 20:02
3 - 19% - 20% - 10:55
4 - 9% - 10% - 5:01
Normal Defense
1 - 39% - 40% - 21:48
2 - 30% - 30% - 16:36
3 - 19% - 20% - 10:35
4 - 13% - 10% - 7:03
PP Forward
1 - 0% - 60%
2 - 0% - 40%
PP Defense
1 - 0% - 60%
2 - 0% - 40%
PK Forward
1 - 81% - 60% - 3:13
2 - 19% - 40% - 0:45
PK Defense
1 - 54% - 60% - 2:09
2 - 46% - 40% - 1:49
PK3 Forward
1 - 0% - 60%
2 - 0% - 40%
PK3 Defense
1 - 0% - 60%
2 - 0% - 40%
44 Forward
1 - 0% - 60%
2 - 0% - 40%
44 Defense
1 - 0% - 60%
2 - 0% - 40%
Last Minute Offensive  - 0:00
Last Minute Defensive  - 0:00
Total
Forward - 60:00
Defense - 60:00

% Time on Ice - Lake Erie Monsters

Lines # - Real PCT - Wanted PCT - Time Play
Normal Forward
1 - 35% - 40% - 19:24
2 - 29% - 30% - 16:01
3 - 22% - 20% - 12:13
4 - 15% - 10% - 8:24
Normal Defense
1 - 38% - 40% - 21:07
2 - 31% - 33% - 17:15
3 - 27% - 27% - 14:55
4 - 5% - 0% - 2:45
PP Forward
1 - 53% - 60% - 2:05
2 - 47% - 40% - 1:53
PP Defense
1 - 64% - 65% - 2:33
2 - 36% - 35% - 1:25
PK Forward
1 - 0% - 60%
2 - 0% - 40%
PK Defense
1 - 0% - 60%
2 - 0% - 40%
PK3 Forward
1 - 0% - 60%
2 - 0% - 40%
PK3 Defense
1 - 0% - 60%
2 - 0% - 40%
44 Forward
1 - 0% - 60%
2 - 0% - 40%
44 Defense
1 - 0% - 60%
2 - 0% - 40%
Last Minute Offensive  - 0:00
Last Minute Defensive  - 0:00
Total
Forward - 60:00
Defense - 60:00

Play by Play

1st period


0:01 of 1st period - Evgeny Svechnikov wins face-off versus Nick Cousins in neutral zone.
0:26 of 1st period - Brent Regner is hit by Chase Balisy and loses puck.
2:32 of 1st period - Off-side.
2:33 of 1st period - Nick Cousins wins face-off versus Michael McCarron in neutral zone.
2:42 of 1st period - Icing by Joe Hicketts.
2:43 of 1st period - Nick Cousins wins face-off versus Mitchell Heard in Lake Erie Monsters zone.
3:11 of 1st period - Marko Dano is hit by Evgeny Svechnikov and loses puck.
3:20 of 1st period - Snap shot by Josh Archibald.
3:20 of 1st period - Stopped by Jamie Phillips with a rebound.
3:32 of 1st period - Snap shot by Evgeny Svechnikov.
3:32 of 1st period - Stopped by Jamie Phillips with a rebound.
3:34 of 1st period - Wrist shot by Ryan Horvat.
3:34 of 1st period - Stopped by Jamie Phillips with a rebound.
3:36 of 1st period - Snap shot by Evgeny Svechnikov.
3:36 of 1st period - Stopped by Jamie Phillips with a rebound.
4:34 of 1st period - Michael Mersch is hit by Victor Mete and loses puck.
4:39 of 1st period - Wrist shot by JC Lipon.
4:39 of 1st period - Shot Misses the Net.
4:55 of 1st period - Wrist shot by Joe Hicketts.
4:55 of 1st period - Shot Misses the Net.
5:07 of 1st period - Michael McCarron is hit by Maxim Lamarche and loses puck.
5:12 of 1st period - Wrist shot by Ondrej Kase.
5:12 of 1st period - Shot Misses the Net.
5:52 of 1st period - Wrist shot by JC Lipon.
5:52 of 1st period - Deflect By Brendan Woods.
5:52 of 1st period - Stopped by Martin Ouellette with a rebound.
5:54 of 1st period - Wrist shot by Matt MacKenzie.
5:54 of 1st period - Stopped by Martin Ouellette without a rebound.
5:55 of 1st period - Kyle Schempp wins face-off versus Brendan Woods in Toronto Marlies zone.
6:39 of 1st period - Wrist shot by Nick Cousins.
6:39 of 1st period - Stopped by Martin Ouellette without a rebound.
6:40 of 1st period - Michael McCarron wins face-off versus Nick Cousins in Toronto Marlies zone.
6:49 of 1st period - Ryan Horvat is hit by Nick Cousins and loses puck.
7:06 of 1st period - Slapshot by Hunter Shinkaruk.
7:06 of 1st period - Stopped by Martin Ouellette without a rebound.
7:07 of 1st period - Mitchell Heard wins face-off versus Chase Balisy in Toronto Marlies zone.
7:16 of 1st period - Wrist shot by Marko Dano.
7:16 of 1st period - Deflect By Michael Mersch.
7:16 of 1st period - Shot Misses the Net.
7:16 of 1st period - Puck is out of play.
7:17 of 1st period - Chase Balisy wins face-off versus Mitchell Heard in Toronto Marlies zone.
7:17 of 1st period - Kurtis MacDermid and Michael Mersch fight to a draw.
7:17 of 1st period - Penalty to Kurtis MacDermid for Fighting.
7:17 of 1st period - Penalty to Michael Mersch for Fighting.
7:18 of 1st period - Michael McCarron wins face-off versus Chase Balisy in Toronto Marlies zone.
7:22 of 1st period - Off-side.
7:23 of 1st period - Chase Balisy wins face-off versus Michael McCarron in neutral zone.
7:26 of 1st period - Slapshot by Marko Dano.
7:26 of 1st period - Stopped by Martin Ouellette with a rebound.
7:32 of 1st period - Josh Archibald is hit by Joe Hicketts and loses puck.
8:10 of 1st period - Michael McCarron is hit by Brendan Woods.
8:54 of 1st period - Travis Dermott is hit by Dysin Mayo and loses puck.
9:42 of 1st period - Snap shot by Derek Hulak.
9:42 of 1st period - Stopped by Martin Ouellette with a rebound.
12:12 of 1st period - Dennis Robertson is hit by Brendan Woods and loses puck.
14:24 of 1st period - Evgeny Svechnikov is hit by Turner Elson and loses puck.
14:52 of 1st period - Josh Archibald is hit by Matt MacKenzie and loses puck.
15:46 of 1st period - Icing by Brent Regner.
15:47 of 1st period - Michael McCarron wins face-off versus Turner Elson in Toronto Marlies zone.
16:09 of 1st period - Brent Regner is hit by Derek Hulak.
16:17 of 1st period - Snap shot by Michael McCarron.
16:17 of 1st period - Deflect By Evgeny Svechnikov.
16:17 of 1st period - Shot Misses the Net.
16:17 of 1st period - Puck is out of play.
16:18 of 1st period - Mitchell Heard wins face-off versus Nick Cousins in Lake Erie Monsters zone.
16:19 of 1st period - Wrist shot by Michael Mersch.
16:19 of 1st period - Shot Misses the Net.
16:26 of 1st period - Off-side.
16:27 of 1st period - Nick Cousins wins face-off versus Mitchell Heard in neutral zone.
16:34 of 1st period - Slapshot by Ondrej Kase.
16:34 of 1st period - Stopped by Martin Ouellette without a rebound.
16:35 of 1st period - Michael McCarron wins face-off versus Nick Cousins in Toronto Marlies zone.
16:42 of 1st period - Snap shot by Michael McCarron.
16:42 of 1st period - Deflect By Josh Archibald.
16:42 of 1st period - Stopped by Jamie Phillips without a rebound.
16:43 of 1st period - Nick Cousins wins face-off versus Michael McCarron in Lake Erie Monsters zone.
17:20 of 1st period - Snap shot by Emile Poirier.
17:20 of 1st period - Stopped by Jamie Phillips with a rebound.
17:46 of 1st period - Michael Mersch is hit by Brandon Bollig and loses puck.
17:51 of 1st period - Backhand shot by Brandon Bollig.
17:51 of 1st period - Shot Blocked by Josh Archibald.
17:53 of 1st period - Wrist shot by Brandon Bollig.
17:53 of 1st period - Stopped by Martin Ouellette with a rebound.
18:13 of 1st period - Snap shot by Ondrej Kase.
18:13 of 1st period - Stopped by Martin Ouellette with a rebound.
18:15 of 1st period - Slapshot by Kurtis MacDermid.
18:15 of 1st period - Stopped by Martin Ouellette without a rebound.
18:16 of 1st period - Chase Balisy wins face-off versus Mitchell Heard in Toronto Marlies zone.
18:39 of 1st period - Marko Dano is hit by Dennis Robertson and loses puck.
18:52 of 1st period - Ryan Horvat is hit by Hunter Shinkaruk and loses puck.
19:08 of 1st period - Icing by Nick Cousins.
19:09 of 1st period - Nick Cousins wins face-off versus Mitchell Heard in Lake Erie Monsters zone.
19:09 of 1st period - Nick Cousins is hit by Michael Mersch.
Goals for this period are 0 for Toronto Marlies vs 0 for Lake Erie Monsters.
Shots for this period are 6 for Toronto Marlies vs 10 for Lake Erie Monsters.

2nd period


0:01 of 2nd period - Michael McCarron wins face-off versus Nick Cousins in neutral zone.
0:26 of 2nd period - Chase Balisy is hit by Michael Mersch and loses puck.
0:39 of 2nd period - Wrist shot by Emile Poirier.
0:39 of 2nd period - Shot Blocked by Victor Mete.
2:33 of 2nd period - Snap shot by Brandon Bollig.
2:33 of 2nd period - Shot Misses the Net.
2:35 of 2nd period - Snap shot by Brandon Bollig.
2:35 of 2nd period - Shot Misses the Net.
2:47 of 2nd period - Snap shot by Nick Cousins.
2:47 of 2nd period - Stopped by Martin Ouellette with a rebound.
2:49 of 2nd period - Wrist shot by Nick Cousins.
2:49 of 2nd period - Stopped by Martin Ouellette with a rebound.
2:51 of 2nd period - Snap shot by Ondrej Kase.
2:51 of 2nd period - Shot Misses the Net.
3:16 of 2nd period - Ryan Horvat is hit by Matt MacKenzie and loses puck.
3:32 of 2nd period - Michael McCarron is hit by JC Lipon and loses puck.
3:39 of 2nd period - Dysin Mayo is hit by Evgeny Svechnikov and loses puck.
4:02 of 2nd period - Slapshot by Brandon Bollig.
4:02 of 2nd period - Deflect By Ryan Olsen.
4:02 of 2nd period - Shot Misses the Net.
4:02 of 2nd period - Puck is out of play.
4:03 of 2nd period - Mitchell Heard wins face-off versus Ryan Olsen in Toronto Marlies zone.
5:15 of 2nd period - Wrist shot by Marko Dano.
5:15 of 2nd period - Stopped by Martin Ouellette with a rebound.
5:17 of 2nd period - Slapshot by Kurtis MacDermid.
5:17 of 2nd period - Stopped by Martin Ouellette with a rebound.
5:19 of 2nd period - Wrist shot by Marko Dano.
5:19 of 2nd period - Stopped by Martin Ouellette with a rebound.
5:29 of 2nd period - Mitchell Heard is hit by Hunter Shinkaruk and loses puck.
5:52 of 2nd period - Slapshot by Kyle Schempp.
5:52 of 2nd period - Shot Blocked by Hunter Shinkaruk.
5:54 of 2nd period - Backhand shot by Jan Kostalek.
5:54 of 2nd period - Goal by Jan Kostalek - Toronto Marlies : 1 - Lake Erie Monsters : 0.
5:55 of 2nd period - Chase Balisy wins face-off versus Evgeny Svechnikov in neutral zone.
5:58 of 2nd period - Snap shot by Marko Dano.
5:58 of 2nd period - Shot Misses the Net.
6:59 of 2nd period - Wrist shot by Derek Hulak.
6:59 of 2nd period - Deflect By Brandon Bollig.
6:59 of 2nd period - Goal by Brandon Bollig - Toronto Marlies : 1 - Lake Erie Monsters : 1.
7:00 of 2nd period - Michael McCarron wins face-off versus Hunter Shinkaruk in neutral zone.
7:03 of 2nd period - Snap shot by Evgeny Svechnikov.
7:03 of 2nd period - Deflect By Josh Archibald.
7:03 of 2nd period - Shot Blocked by Kurtis MacDermid.
7:03 of 2nd period - Puck is out of play.
7:04 of 2nd period - Nick Cousins wins face-off versus Michael McCarron in Lake Erie Monsters zone.
7:30 of 2nd period - Snap shot by Michael McCarron.
7:30 of 2nd period - Shot Misses the Net.
7:32 of 2nd period - Wrist shot by Michael McCarron.
7:32 of 2nd period - Shot Misses the Net.
7:34 of 2nd period - Snap shot by Brent Regner.
7:34 of 2nd period - Stopped by Jamie Phillips with a rebound.
7:36 of 2nd period - Snap shot by Dennis Robertson.
7:36 of 2nd period - Shot Blocked by Nick Cousins.
7:38 of 2nd period - Snap shot by Michael McCarron.
7:38 of 2nd period - Stopped by Jamie Phillips with a rebound.
7:40 of 2nd period - Slapshot by Brent Regner.
7:40 of 2nd period - Stopped by Jamie Phillips without a rebound.
7:41 of 2nd period - Mitchell Heard wins face-off versus Chase Balisy in Lake Erie Monsters zone.
7:46 of 2nd period - Snap shot by Michael Mersch.
7:46 of 2nd period - Shot Misses the Net.
7:48 of 2nd period - Snap shot by Michael Mersch.
7:48 of 2nd period - Deflect By Emile Poirier.
7:48 of 2nd period - Shot Misses the Net.
7:48 of 2nd period - Puck is out of play.
7:49 of 2nd period - Mitchell Heard wins face-off versus Chase Balisy in Lake Erie Monsters zone.
7:50 of 2nd period - Wrist shot by Michael Mersch.
7:50 of 2nd period - Stopped by Jamie Phillips with a rebound.
7:52 of 2nd period - Wrist shot by Michael Mersch.
7:52 of 2nd period - Stopped by Jamie Phillips without a rebound.
7:53 of 2nd period - Nick Cousins wins face-off versus Michael McCarron in Lake Erie Monsters zone.
8:38 of 2nd period - Icing by Michael Mersch.
8:39 of 2nd period - Mitchell Heard wins face-off versus Brendan Woods in Toronto Marlies zone.
8:39 of 2nd period - Mitchell Heard is hit by Derek Hulak.
9:53 of 2nd period - Josh Archibald is hit by Marko Dano and loses puck.
10:28 of 2nd period - Snap shot by Emile Poirier.
10:28 of 2nd period - Deflect By Nick Cousins.
10:28 of 2nd period - Goal by Emile Poirier - Toronto Marlies : 2 - Lake Erie Monsters : 1.
10:29 of 2nd period - Nick Cousins wins face-off versus Michael McCarron in neutral zone.
10:32 of 2nd period - Snap shot by Nick Cousins.
10:32 of 2nd period - Shot Blocked by Michael McCarron.
10:44 of 2nd period - Wrist shot by Nick Cousins.
10:44 of 2nd period - Shot Misses the Net.
11:07 of 2nd period - Chase Balisy is hit by Michael Mersch and loses puck.
12:06 of 2nd period - Off-side.
12:07 of 2nd period - Michael McCarron wins face-off versus Ryan Olsen in neutral zone.
12:16 of 2nd period - Slapshot by Brandon Bollig.
12:16 of 2nd period - Stopped by Martin Ouellette without a rebound.
12:17 of 2nd period - Nick Cousins wins face-off versus Mitchell Heard in Toronto Marlies zone.
12:29 of 2nd period - Hunter Shinkaruk and Mitchell Heard fight to a draw.
12:29 of 2nd period - Penalty to Hunter Shinkaruk for Fighting.
12:29 of 2nd period - Penalty to Mitchell Heard for Fighting.
12:30 of 2nd period - Michael McCarron wins face-off versus Turner Elson in Toronto Marlies zone.
12:39 of 2nd period - Wrist shot by Ondrej Kase.
12:39 of 2nd period - Shot Blocked by Evgeny Svechnikov.
12:41 of 2nd period - Slapshot by Kurtis MacDermid.
12:41 of 2nd period - Shot Blocked by Andrew MacWilliam.
12:43 of 2nd period - Wrist shot by Ondrej Kase.
12:43 of 2nd period - Shot Misses the Net.
12:55 of 2nd period - Kurtis MacDermid is hit by Emile Poirier and loses puck.
13:06 of 2nd period - Slapshot by Emile Poirier.
13:06 of 2nd period - Shot Misses the Net.
13:34 of 2nd period - Slapshot by JC Lipon.
13:34 of 2nd period - Stopped by Martin Ouellette with a rebound.
14:00 of 2nd period - Slapshot by Ryan Olsen.
14:00 of 2nd period - Deflect By Brandon Bollig.
14:00 of 2nd period - Shot Blocked by Michael Mersch.
14:00 of 2nd period - Puck is out of play.
14:01 of 2nd period - Michael McCarron wins face-off versus Nick Cousins in Toronto Marlies zone.
14:08 of 2nd period - Matt MacKenzie is hit by Michael McCarron and loses puck.
14:25 of 2nd period - Keegan Lowe is hit by Matt MacKenzie and loses puck.
14:30 of 2nd period - Snap shot by Marko Dano.
14:30 of 2nd period - Deflect By Matt Puempel.
14:30 of 2nd period - Shot Misses the Net.
14:30 of 2nd period - Puck is out of play.
14:31 of 2nd period - Josh Archibald wins face-off versus Nick Cousins in Toronto Marlies zone.
14:36 of 2nd period - Snap shot by Josh Archibald.
14:36 of 2nd period - Stopped by Jamie Phillips with a rebound.
15:44 of 2nd period - Wrist shot by Marko Dano.
15:44 of 2nd period - Stopped by Martin Ouellette with a rebound.
15:46 of 2nd period - Wrist shot by Chase Balisy.
15:46 of 2nd period - Shot Misses the Net.
15:48 of 2nd period - Wrist shot by Marko Dano.
15:48 of 2nd period - Shot Blocked by Andrew MacWilliam.
15:50 of 2nd period - Wrist shot by Matt Puempel.
15:50 of 2nd period - Goal by Matt Puempel - Toronto Marlies : 2 - Lake Erie Monsters : 2.
15:51 of 2nd period - Nick Cousins wins face-off versus Evgeny Svechnikov in neutral zone.
15:55 of 2nd period - Off-side.
15:56 of 2nd period - Nick Cousins wins face-off versus Michael McCarron in neutral zone.
16:25 of 2nd period - Wrist shot by Michael Mersch.
16:25 of 2nd period - Stopped by Jamie Phillips without a rebound.
16:26 of 2nd period - Ryan Horvat wins face-off versus Chase Balisy in Lake Erie Monsters zone.
16:51 of 2nd period - Ryan Horvat is hit by Brendan Woods and loses puck.
16:58 of 2nd period - Wrist shot by Emile Poirier.
16:58 of 2nd period - Shot Blocked by Maxim Lamarche.
17:00 of 2nd period - Slapshot by Keegan Lowe.
17:00 of 2nd period - Stopped by Jamie Phillips with a rebound.
17:59 of 2nd period - Snap shot by Brandon Bollig.
17:59 of 2nd period - Stopped by Martin Ouellette with a rebound.
18:01 of 2nd period - Snap shot by Brandon Bollig.
18:01 of 2nd period - Shot Misses the Net.
18:11 of 2nd period - Keegan Lowe is hit by JC Lipon and loses puck.
18:20 of 2nd period - Wrist shot by Brendan Woods.
18:20 of 2nd period - Stopped by Martin Ouellette with a rebound.
18:46 of 2nd period - Rinat Valiev is hit by Chase Balisy.
19:36 of 2nd period - Wrist shot by Brendan Woods.
19:36 of 2nd period - Shot Misses the Net.
19:38 of 2nd period - Slapshot by Dysin Mayo.
19:38 of 2nd period - Deflect By JC Lipon.
19:38 of 2nd period - Stopped by Martin Ouellette with a rebound.
19:40 of 2nd period - Snap shot by Victor Mete.
19:40 of 2nd period - Shot Blocked by Zach Leslie.
Goals for this period are 2 for Toronto Marlies vs 2 for Lake Erie Monsters.
Shots for this period are 10 for Toronto Marlies vs 13 for Lake Erie Monsters.

3rd period


0:01 of 3rd period - Michael McCarron wins face-off versus Ondrej Kase in neutral zone.
0:06 of 3rd period - Slapshot by Michael McCarron.
0:06 of 3rd period - Stopped by Jamie Phillips without a rebound.
0:07 of 3rd period - Nick Cousins wins face-off versus Michael McCarron in Lake Erie Monsters zone.
0:18 of 3rd period - Wrist shot by Nick Cousins.
0:18 of 3rd period - Stopped by Martin Ouellette with a rebound.
0:43 of 3rd period - Chase Balisy is hit by Michael Mersch.
0:55 of 3rd period - Slapshot by Brent Regner.
0:55 of 3rd period - Shot Misses the Net.
0:57 of 3rd period - Snap shot by Evgeny Svechnikov.
0:57 of 3rd period - Stopped by Jamie Phillips without a rebound.
0:58 of 3rd period - Ryan Horvat wins face-off versus Brendan Woods in Lake Erie Monsters zone.
0:59 of 3rd period - Slapshot by Evgeny Svechnikov.
0:59 of 3rd period - Stopped by Jamie Phillips with a rebound.
1:01 of 3rd period - Snap shot by Evgeny Svechnikov.
1:01 of 3rd period - Shot Blocked by Joe Hicketts.
1:03 of 3rd period - Slapshot by Travis Dermott.
1:03 of 3rd period - Deflect By Kyle Schempp.
1:03 of 3rd period - Shot Misses the Net.
1:03 of 3rd period - Puck is out of play.
1:04 of 3rd period - Nick Cousins wins face-off versus Michael McCarron in Lake Erie Monsters zone.
1:15 of 3rd period - Slapshot by Ondrej Kase.
1:15 of 3rd period - Shot Blocked by Evgeny Svechnikov.
1:17 of 3rd period - Minor Penalty to Ryan Stanton for Hooking.
1:18 of 3rd period - Evgeny Svechnikov wins face-off versus Nick Cousins in Toronto Marlies zone.
3:17 of 3rd period - Penalty to Ryan Stanton is over, Ryan Stanton is back on ice.
3:41 of 3rd period - Snap shot by Ryan Stanton.
3:41 of 3rd period - Shot Misses the Net.
3:43 of 3rd period - Slapshot by Ryan Horvat.
3:43 of 3rd period - Stopped by Jamie Phillips with a rebound.
3:53 of 3rd period - Slapshot by Ryan Horvat.
3:53 of 3rd period - Shot Blocked by Brandon Bollig.
3:55 of 3rd period - Snap shot by Ryan Horvat.
3:55 of 3rd period - Shot Misses the Net.
3:57 of 3rd period - Wrist shot by Emile Poirier.
3:57 of 3rd period - Stopped by Jamie Phillips without a rebound.
3:58 of 3rd period - Brendan Woods wins face-off versus Michael McCarron in Lake Erie Monsters zone.
4:19 of 3rd period - Hunter Shinkaruk is hit by Michael Mersch and loses puck.
4:34 of 3rd period - Wrist shot by Ondrej Kase.
4:34 of 3rd period - Shot Blocked by Brent Regner.
4:42 of 3rd period - Wrist shot by Marko Dano.
4:42 of 3rd period - Deflect By Matt Puempel.
4:42 of 3rd period - Goal by Matt Puempel - Toronto Marlies : 2 - Lake Erie Monsters : 3.
4:43 of 3rd period - Michael McCarron wins face-off versus Nick Cousins in neutral zone.
5:08 of 3rd period - Marko Dano is hit by Mitchell Heard.
5:16 of 3rd period - Slapshot by Matt Puempel.
5:16 of 3rd period - Goal by Matt Puempel - Toronto Marlies : 2 - Lake Erie Monsters : 4.
5:17 of 3rd period - Michael McCarron wins face-off versus Nick Cousins in neutral zone.
5:42 of 3rd period - Dennis Robertson is hit by Brendan Woods and loses puck.
5:47 of 3rd period - Wrist shot by JC Lipon.
5:47 of 3rd period - Deflect By Brendan Woods.
5:47 of 3rd period - Stopped by Martin Ouellette without a rebound.
5:48 of 3rd period - Mitchell Heard wins face-off versus Brendan Woods in Toronto Marlies zone.
6:24 of 3rd period - Snap shot by JC Lipon.
6:24 of 3rd period - Shot Misses the Net.
6:47 of 3rd period - Icing by Travis Dermott.
6:48 of 3rd period - Mitchell Heard wins face-off versus Ondrej Kase in Toronto Marlies zone.
7:13 of 3rd period - Michael Mersch is hit by Ryan Olsen and loses puck.
8:48 of 3rd period - Snap shot by Josh Archibald.
8:48 of 3rd period - Stopped by Jamie Phillips without a rebound.
8:49 of 3rd period - Michael McCarron wins face-off versus Brendan Woods in Lake Erie Monsters zone.
8:56 of 3rd period - Snap shot by Evgeny Svechnikov.
8:56 of 3rd period - Shot Blocked by Dysin Mayo.
8:58 of 3rd period - Slapshot by Josh Archibald.
8:58 of 3rd period - Shot Misses the Net.
9:00 of 3rd period - Snap shot by Josh Archibald.
9:00 of 3rd period - Stopped by Jamie Phillips with a rebound.
9:02 of 3rd period - Snap shot by Brent Regner.
9:02 of 3rd period - Deflect By Josh Archibald.
9:02 of 3rd period - Deflect By Brendan Woods.
9:02 of 3rd period - Shot Blocked by Matt MacKenzie.
9:02 of 3rd period - Puck is out of play.
9:03 of 3rd period - Nick Cousins wins face-off versus Michael McCarron in Lake Erie Monsters zone.
10:19 of 3rd period - Kyle Schempp is hit by Maxim Lamarche and loses puck.
10:42 of 3rd period - Wrist shot by Brandon Bollig.
10:42 of 3rd period - Shot Misses the Net.
10:44 of 3rd period - Slapshot by Turner Elson.
10:44 of 3rd period - Shot Misses the Net.
10:46 of 3rd period - Snap shot by Ryan Olsen.
10:46 of 3rd period - Stopped by Martin Ouellette with a rebound.
11:02 of 3rd period - Wrist shot by Ondrej Kase.
11:02 of 3rd period - Shot Misses the Net.
11:04 of 3rd period - Wrist shot by Hunter Shinkaruk.
11:04 of 3rd period - Shot Misses the Net.
11:06 of 3rd period - Wrist shot by Dysin Mayo.
11:06 of 3rd period - Shot Blocked by Zach Leslie.
11:08 of 3rd period - Wrist shot by Ondrej Kase.
11:08 of 3rd period - Shot Misses the Net.
11:10 of 3rd period - Wrist shot by Nick Cousins.
11:10 of 3rd period - Shot Blocked by Rinat Valiev.
11:12 of 3rd period - Slapshot by Dysin Mayo.
11:12 of 3rd period - Shot Misses the Net.
11:29 of 3rd period - Snap shot by Brendan Woods.
11:29 of 3rd period - Stopped by Martin Ouellette with a rebound.
11:49 of 3rd period - Slapshot by Dysin Mayo.
11:49 of 3rd period - Stopped by Martin Ouellette without a rebound.
11:50 of 3rd period - Ryan Olsen wins face-off versus Jan Kostalek in Toronto Marlies zone.
11:55 of 3rd period - Slapshot by Victor Mete.
11:55 of 3rd period - Stopped by Martin Ouellette without a rebound.
11:56 of 3rd period - Nick Cousins wins face-off versus Jan Kostalek in Toronto Marlies zone.
11:59 of 3rd period - Wrist shot by Hunter Shinkaruk.
11:59 of 3rd period - Goal by Hunter Shinkaruk - Toronto Marlies : 2 - Lake Erie Monsters : 5.
12:00 of 3rd period - Michael McCarron wins face-off versus Nick Cousins in neutral zone.
12:09 of 3rd period - Brent Regner is hit by Ondrej Kase and loses puck.
12:26 of 3rd period - Evgeny Svechnikov is hit by Victor Mete and loses puck.
12:53 of 3rd period - Snap shot by Brandon Bollig.
12:53 of 3rd period - Stopped by Martin Ouellette with a rebound.
12:55 of 3rd period - Slapshot by Matt MacKenzie.
12:55 of 3rd period - Stopped by Martin Ouellette without a rebound.
12:56 of 3rd period - Ryan Olsen wins face-off versus Emile Poirier in Toronto Marlies zone.
12:57 of 3rd period - Wrist shot by Brandon Bollig.
12:57 of 3rd period - Shot Blocked by Andrew MacWilliam.
12:59 of 3rd period - Slapshot by Brandon Bollig.
12:59 of 3rd period - Stopped by Martin Ouellette with a rebound.
13:01 of 3rd period - Snap shot by Ryan Olsen.
13:01 of 3rd period - Shot Misses the Net.
13:03 of 3rd period - Snap shot by Brandon Bollig.
13:03 of 3rd period - Shot Misses the Net.
13:14 of 3rd period - Wrist shot by Brandon Bollig.
13:14 of 3rd period - Stopped by Martin Ouellette without a rebound.
13:15 of 3rd period - Hunter Shinkaruk wins face-off versus Mitchell Heard in Toronto Marlies zone.
13:16 of 3rd period - Slapshot by Nick Cousins.
13:16 of 3rd period - Shot Blocked by Travis Dermott.
13:20 of 3rd period - Wrist shot by Nick Cousins.
13:20 of 3rd period - Stopped by Martin Ouellette without a rebound.
13:21 of 3rd period - Mitchell Heard wins face-off versus Nick Cousins in Toronto Marlies zone.
13:36 of 3rd period - Wrist shot by Hunter Shinkaruk.
13:36 of 3rd period - Stopped by Martin Ouellette without a rebound.
13:37 of 3rd period - Chase Balisy wins face-off versus Michael McCarron in Toronto Marlies zone.
14:07 of 3rd period - Wrist shot by Emile Poirier.
14:07 of 3rd period - Shot Misses the Net.
14:09 of 3rd period - Slapshot by Dennis Robertson.
14:09 of 3rd period - Shot Hit the Post.
14:11 of 3rd period - Slapshot by Michael Mersch.
14:11 of 3rd period - Shot Misses the Net.
14:13 of 3rd period - Wrist shot by Mitchell Heard.
14:13 of 3rd period - Stopped by Jamie Phillips with a rebound.
14:15 of 3rd period - Slapshot by Dennis Robertson.
14:15 of 3rd period - Deflect By Emile Poirier.
14:15 of 3rd period - Stopped by Jamie Phillips with a rebound.
14:25 of 3rd period - Slapshot by Victor Mete.
14:25 of 3rd period - Deflect By JC Lipon.
14:25 of 3rd period - Shot Blocked by Ryan Horvat.
14:25 of 3rd period - Puck is out of play.
14:26 of 3rd period - Kyle Schempp wins face-off versus Brendan Woods in Toronto Marlies zone.
14:33 of 3rd period - Wrist shot by Evgeny Svechnikov.
14:33 of 3rd period - Stopped by Jamie Phillips with a rebound.
14:35 of 3rd period - Wrist shot by Keegan Lowe.
14:35 of 3rd period - Deflect By Evgeny Svechnikov.
14:35 of 3rd period - Goal by Evgeny Svechnikov - Toronto Marlies : 3 - Lake Erie Monsters : 5.
14:36 of 3rd period - Michael McCarron wins face-off versus Ondrej Kase in neutral zone.
14:39 of 3rd period - Wrist shot by Michael McCarron.
14:39 of 3rd period - Shot Misses the Net.
14:41 of 3rd period - Snap shot by Andrew MacWilliam.
14:41 of 3rd period - Deflect By Ondrej Kase.
14:41 of 3rd period - Stopped by Jamie Phillips without a rebound.
14:42 of 3rd period - Michael McCarron wins face-off versus Nick Cousins in Lake Erie Monsters zone.
14:43 of 3rd period - Snap shot by Evgeny Svechnikov.
14:43 of 3rd period - Shot Misses the Net.
14:45 of 3rd period - Wrist shot by Josh Archibald.
14:45 of 3rd period - Shot Misses the Net.
14:49 of 3rd period - Wrist shot by Michael McCarron.
14:49 of 3rd period - Shot Blocked by Ondrej Kase.
14:51 of 3rd period - Slapshot by Keegan Lowe.
14:51 of 3rd period - Deflect By Josh Archibald.
14:51 of 3rd period - Stopped by Jamie Phillips without a rebound.
14:52 of 3rd period - Nick Cousins wins face-off versus Michael McCarron in Lake Erie Monsters zone.
14:52 of 3rd period - Nick Cousins is hit by Josh Archibald.
15:50 of 3rd period - Off-side.
15:51 of 3rd period - Ryan Olsen wins face-off versus Michael McCarron in neutral zone.
16:00 of 3rd period - Slapshot by Joe Hicketts.
16:00 of 3rd period - Deflect By Keegan Lowe.
16:00 of 3rd period - Stopped by Martin Ouellette with a rebound.
16:02 of 3rd period - Backhand shot by Ryan Olsen.
16:02 of 3rd period - Stopped by Martin Ouellette with a rebound.
16:04 of 3rd period - Wrist shot by Joe Hicketts.
16:04 of 3rd period - Deflect By Brandon Bollig.
16:04 of 3rd period - Shot Misses the Net.
16:04 of 3rd period - Puck is out of play.
16:05 of 3rd period - Nick Cousins wins face-off versus Mitchell Heard in Toronto Marlies zone.
16:10 of 3rd period - Snap shot by Ondrej Kase.
16:10 of 3rd period - Shot Blocked by Michael Mersch.
16:23 of 3rd period - Minor Penalty to Keegan Lowe for Hooking.
16:24 of 3rd period - Evgeny Svechnikov wins face-off versus Nick Cousins in Toronto Marlies zone.
16:36 of 3rd period - Snap shot by Nick Cousins.
16:36 of 3rd period - Shot Blocked by Michael McCarron.
18:23 of 3rd period - Penalty to Keegan Lowe is over, Keegan Lowe is back on ice.
18:32 of 3rd period - Snap shot by Michael McCarron.
18:32 of 3rd period - Stopped by Jamie Phillips without a rebound.
18:33 of 3rd period - Turner Elson wins face-off versus Emile Poirier in Lake Erie Monsters zone.
18:33 of 3rd period - Turner Elson is hit by Mitchell Heard.
18:46 of 3rd period - Slapshot by Kurtis MacDermid.
18:46 of 3rd period - Shot Misses the Net.
18:48 of 3rd period - Slapshot by Dysin Mayo.
18:48 of 3rd period - Stopped by Martin Ouellette without a rebound.
18:49 of 3rd period - Chase Balisy wins face-off versus Mitchell Heard in Toronto Marlies zone.
Goals for this period are 1 for Toronto Marlies vs 3 for Lake Erie Monsters.
Shots for this period are 14 for Toronto Marlies vs 18 for Lake Erie Monsters.